 Dungeon Crawl Stone Soup version 0.28-b1-25-g9875b3fc8c (webtiles) character file.

Game seed: 4215358730677491097

123 funkygono the Firebug (level 5, -2/28 HPs)
             Began as a Gargoyle Fire Elementalist on Feb 7, 2022.
             Was an Initiate of Vehumet.
             Slain by a scorpion (5 damage)
             ... on level 3 of the Dungeon.
             The game lasted 00:06:00 (3531 turns).

funkygono the Firebug (Gargoyle Fire Elementalist)  Turns: 3531, Time: 00:06:01

Health: -2/28      AC:  8    Str: 12    XL:     5   Next: 7%
Magic:  2/10       EV: 12    Int: 17    God:    Vehumet [......]
Gold:   74         SH:  0    Dex: 10    Spells: 0/10 levels left

rFire   . . .      SeeInvis .   d - +1 mace
rCold   . . .      Faith    .   (no shield)
rNeg    + + .      Spirit   .   a - +0 robe
rPois   ∞          Reflect  .   (no helmet)
rElec   +          Harm     .   s - +1 cloak
rCorr   .          Rampage  .   (no gloves)
Will    .....                   (no boots)
Stlth   ++........              (no amulet)
HPRegen 0.09/turn               f - ring of positive energy
MPRegen 0.12/turn               (no ring)

@: no status effects
A: sickness immunity, AC +4, negative energy resistance 1, electricity
resistance, torment resistance 1, petrification resistance
a: Renounce Religion


You were on level 3 of the Dungeon.
You worshipped Vehumet.
Vehumet was noncommittal.
You visited 1 branch of the dungeon, and saw 4 of its levels.

You collected 74 gold pieces.

Inventory:

Hand Weapons
 d - a +1 mace (weapon)
 r - a +0 whip
Missiles
 c - 59 stones
Armour
 a - a +0 robe (worn)
 s - a +1 cloak (worn)
Jewellery
 f - a ring of positive energy (left hand)
Potions
 g - a potion of mutation {unknown}
 h - a potion of ambrosia {unknown}
 l - 2 potions of haste {unknown}
 q - a potion of attraction {unknown}


   Skills:
 + Level 0.1 Maces & Flails
 + Level 1.6 Dodging
 - Level 2.1 Stealth
 * Level 3.4 Spellcasting
 * Level 2.1 Conjurations
 * Level 4.1 Fire Magic


You couldn't memorise any spells.
You knew the following spells:

 Your Spells              Type           Power      Damage    Failure   Level
a - Foxfire               Conj/Fire      52%        2x1d6     4%          1
b - Scorch                Fire           34%        2d7       4%          2
c - Conjure Flame         Conj/Fire      13%        6-21      14%         3
d - Flame Wave            Conj/Fire      13%        2d6       41%         4

Your spell library contained the following spells:

 Spells                   Type           Power      Damage    Failure   Level
 Animate Skeleton         Necr           4%         N/A       17%         1
 Apportation              Tloc           4%         N/A       17%         1
 Summon Small Mammal      Summ           8%         N/A       17%         1
 Inner Flame              Hex/Fire       10%        N/A       22%         3
 Gell's Gravitas          Tloc           2%         N/A       45%         3
 Lesser Beckoning         Tloc           2%         N/A       45%         3
 Teleport Other           Tloc           2%         N/A       45%         3
 Dispersal                Tloc           1%         N/A       100%        6


Dungeon Overview and Level Annotations

Branches:
Dungeon (4/15)
 Temple: D:4-7

Altars:
Elyvilon
Vehumet
Xom

Shops:
D:3 ?[


Innate Abilities, Weirdness & Mutations

You are immune to sickness and miasma.
Your stone body is resilient. (AC +4)
You are immune to poison.
You resist negative energy. (rN+)
You are resistant to electric shocks. (rElec)
You are resistant to unholy torment.
You are immune to petrification.


Message History

* * * LOW HITPOINT WARNING * * *
Casting: Foxfire (safe; 4% risk of failure)
Confirm with . or Enter, or press ? or * to list all spells.
You miscast Scorch.
You are very lightly contaminated with residual magic.
Nothing appears to happen.
The foxfire hits the scorpion.
The scorpion is heavily wounded.
The foxfire hits the scorpion but does no damage.
The scorpion is heavily wounded.
The scorpion stings you!
* * * LOW HITPOINT WARNING * * *
The scorpion misses you.
Casting: Scorch (safe; 4% risk of failure)
Confirm with . or Enter, or press ? or * to list all spells.
You conjure some foxfire!
The scorpion completely misses you.
Casting: Foxfire (safe; 4% risk of failure)
Confirm with . or Enter, or press ? or * to list all spells.
You miscast Foxfire.
Nothing appears to happen.
The foxfire hits the scorpion.
The scorpion is severely wounded.
The foxfire hits the scorpion but does no damage.
The scorpion is severely wounded.
The scorpion barely misses you.
The scorpion stings you but does no damage.
There is a stone staircase leading up here.
Okay, then.
The scorpion stings you but does no damage.
The scorpion barely misses you.
You climb upwards.
There is a stone staircase leading down here.
Casting: Foxfire (safe; 4% risk of failure)
Confirm with . or Enter, or press ? or * to list all spells.
You conjure some foxfire!
The scorpion closely misses you.
Your magical contamination has completely faded away.
Unknown command.
The foxfire hits the scorpion but does no damage.
The scorpion is severely wounded.
The foxfire hits the scorpion but does no damage.
The scorpion is severely wounded.
The scorpion stings you.
You die...

#..##.....##..#
#.†#.......#..#
#.)#.......#..#
#......_......#####
#..#.......#......##
#..#...(...#..>....##
#..##.....##........##
#..####.####...<.....###
#........@s....##.♣♣...#
#.######[####..#.♣♣♣♣♣.##
#.### #.####..#.♣ ♣..##
#...# #.......#.♣ ♣....
###.# #####.#...♣ ♣.###
#.########.#...♣ ♣♣.#
#..##..........♣♣♣♣..#
#...#................#
#.#.#.........#..######


You could see a scorpion.

Vanquished Creatures
  3 gnolls
  2 adders (D:2)
  2 worms (D:2)
  2 dart slugs
  An orc (D:2)
  A ball python (D:1)
  8 endoplasms
  A giant cockroach (D:1)
  7 goblins
  4 hobgoblins
  3 jackals (D:1)
  4 quokkas
  7 bats
  2 frilled lizards
  8 kobolds
  5 rats
60 creatures vanquished.

Vanquished Creatures (collateral kills)
  A foxfire (D:3)
1 creature vanquished.

Vanquished Creatures (others)
  165 foxfires
165 creatures vanquished.

Grand Total: 226 creatures vanquished

Notes
Turn   | Place    | Note
-------+----------+-------------------------------------------
     0 | D:1      | funkygono the Gargoyle Fire Elementalist began the quest
                  | for the Orb.
     0 | D:1      | Reached XP level 1. HP: 10/10 MP: 3/3
   458 | D:1      | Reached XP level 2. HP: 15/15 MP: 0/5
   463 | D:1      | Learned a level 2 spell: Scorch
   644 | D:1      | Found a faded altar of an unknown god.
  1264 | D:1      | Reached XP level 3. HP: 19/19 MP: 3/6
  1268 | D:1      | Learned a level 3 spell: Conjure Flame
  1611 | D:2      | Reached XP level 4. HP: 5/24 MP: 1/8
  2072 | D:2      | Reached skill level 4 in Fire Magic
  2868 | D:3      | Reached XP level 5. HP: 28/28 MP: 6/10
  2956 | D:3      | Found a radiant altar of Vehumet.
  2971 | D:3      | Became a worshipper of Vehumet
  3121 | D:3      | Found a white marble altar of Elyvilon.
  3155 | D:3      | Learned a level 4 spell: Flame Wave
  3243 | D:3      | Found Nutiuczu's Magic Scroll Shop.
  3280 | D:3      | Found a shimmering altar of Xom.
  3315 | D:3      | Found Jubej's Armour Emporium.
  3513 | D:4      | HP: 1/28 [scorpion (7)]
  3531 | D:3      | Slain by a scorpion

Illustrated notes

Levels and vault maps discovered:
D:1:      scummos_arrival_forest, layout_basic,
          ebering_ecumenical_altar_petrified
D:2:      layout_loops_cross, minmay_octomino_e4
D:3:      layout_rooms, vehumet_crystals, mainiacjoe_overflow_cross_hatched,
          old_standard_altar, serial_shops, nicolae_shop_trees,
          nicolae_diamond_shop, nrook_campfire
D:4:      layout_loops_corners, kennysheep_slug_shrine,
          minmay_temple_entry_slanted, ebering_ghost_sewer_d,
          kennysheep_generic_room_3

Skill      XL: |  1  2  3  4 |
---------------+-------------+-----
Spellcasting   | 3 |  3.4
Fire Magic     | 4 |  4.1
Conjurations   | 2 |  2.1
Maces & Flails | |  0.1
Dodging        | |  1.6
Stealth        | |  2.1

Action                   |  1- 3 |  4- 6 || total
-------------------------+-------+-------++-------
Melee: Mace              |    12 |     6 ||    18
 Cast: Foxfire           |    30 |    68 ||    98
       Scorch            |     9 |    10 ||    19
  Use: Scroll            |       |     9 ||     9
Armor: Robe              |     4 |     5 ||     9
Dodge: Dodged            |    13 |    11 ||    24
